 Dungeon Crawl Stone Soup version 0.31-a0-204-g7da18cac08 (webtiles) character file.

Game seed: 730743214181466637

147567 Pooter the Severer (level 16, -14/228 HPs)
             Began as a Minotaur Berserker on June 27, 2023.
             Was a Priest of Trog.
             Shot with a bolt by a naga sharpshooter (24 damage)
             ... on level 1 of the Snake Pit on June 28, 2023.
             The game lasted 02:32:48 (39069 turns).

Pooter the Severer (Minotaur Berserker)            Turns: 39069, Time: 02:32:49

Health: -14/228    AC: 18    Str: 30    XL:     16   Next: 92%
Magic:  15/15      EV:  9    Int:  4    God:    Trog [***...]
Gold:   990        SH:  3    Dex: 14    Spells: 15/15 levels left

rFire   + . .        a - +2 broad axe
rCold   . . .        T - +0 buckler {reflect}
rNeg    . . .        S - +2 plate armour {rF+}
rPois   +            Q - +0 hat
rElec   .            H - scarf {harm}
rCorr   .            g - +1 pair of gloves
SInv    .            W - +2 pair of boots {rampage}
Will    ++++.        j - amulet of regeneration Stlth
                     P - ring of poison resistance
HPRegen 2.38/turn    X - ring "Ceruecw" {*Corrode Will+ Str+4 Slay+4}
MPRegen 0.14/turn

%: corrode self (3%), harm (+30% outgoing, +20% incoming), reflection, rampage
@: berserking, strong-willed, corroded, regenerating, very quick
A: horns 2, retaliatory headbutt, evolution 1
a: Renounce Religion, Berserk, Trog's Hand


You were on level 1 of the Snake Pit.
You worshipped Trog.
Trog was most pleased with you.
You visited 4 branches of the dungeon, and saw 23 of its levels.
You also visited: Bailey and Ice Cave.

You collected 2605 gold pieces.
You spent 1615 gold pieces at shops.

Inventory:

Hand Weapons
 a - a +2 broad axe (weapon)
   (You took it off a vault guard in a bailey)
 b - a +4 hand crossbow of draining
   (You found it on level 1 of the Lair of Beasts)
 e - a +4 scimitar of flaming
   (You took it off Azrael on level 13 of the Dungeon)
 n - a +2 heavy trident
   (You took it off an orc warrior on level 1 of the Orcish Mines)
 J - a +0 battleaxe
   (You took it off an orc warrior on level 1 of the Orcish Mines)
Missiles
 q - 29 boomerangs (quivered)
 v - 6 curare-tipped darts
 I - a silver boomerang
 M - 12 javelins
Armour
 g - a +1 pair of gloves (worn)
   (You found it on level 15 of the Dungeon)
 r - a +2 pair of boots of stealth
   (You found it on level 3 of the Lair of Beasts)
 H - a scarf of harm (worn)
   (You found it on level 10 of the Dungeon)
 Q - a +0 hat (worn)
   (You found it on level 1 of the Snake Pit)
 S - a +2 plate armour of fire resistance (worn)
   (You took it off an orc warrior on level 2 of the Orcish Mines)
 T - a +0 buckler of reflection (worn)
   (You found it on level 14 of the Dungeon)
 W - a +2 pair of boots of rampaging (worn)
   (You found it on level 5 of the Lair of Beasts)
Jewellery
 c - an amulet of the acrobat
   (You found it on level 3 of the Lair of Beasts)
 j - an amulet of regeneration (around neck)
   (You bought it in a shop on level 2 of the Dungeon)
 m - a ring of ice
   (You took it off Fannar on level 10 of the Dungeon)
 z - a +6 ring of intelligence
   (You found it on level 13 of the Dungeon)
 C - a ring of resist corrosion
   (You found it on level 2 of the Dungeon)
 E - a +5 ring of evasion
   (You found it on level 8 of the Dungeon)
 F - a ring of protection from fire
   (You found it on level 3 of the Dungeon)
 G - a ring of flight
   (You found it on level 7 of the Dungeon)
 L - an amulet of reflection
   (You bought it in a shop on level 2 of the Dungeon)
 N - a ring of positive energy
   (You found it on level 3 of the Lair of Beasts)
 P - a ring of poison resistance (left hand)
   (You bought it in a shop on level 2 of the Dungeon)
 X - the ring "Ceruecw" (right hand) {*Corrode Will+ Str+4 Slay+4}
   (You found it on level 5 of the Lair of Beasts)

   [ring of willpower]

   Str:       It affects your strength (+4).
   Slay:      It affects your accuracy & damage with ranged weapons and melee
   (+4).
   *Corrode:  It may corrode you when you take damage.
   Will:      It increases your willpower.
Wands
 f - a wand of flame (9)
   (You found it on level 7 of the Dungeon)
 u - a wand of paralysis (21)
   (You took it off an orc on level 6 of the Dungeon)
 x - a wand of polymorph (7)
   (You found it on level 14 of the Dungeon)
 A - a wand of roots (5)
   (You found it on level 8 of the Dungeon)
 D - a wand of digging (5)
   (You found it on level 14 of the Dungeon)
 Z - a wand of mindburst (5)
   (You found it on level 12 of the Dungeon)
Scrolls
 i - 3 scrolls of identify {@r1}
 t - 14 scrolls of teleportation {@r4}
 w - a scroll of noise {!r}
 y - 3 scrolls of poison {!r}
 K - 3 scrolls of immolation {!r}
 R - a scroll of blinking
 U - a scroll of revelation
 V - a scroll of fog
 Y - 2 scrolls of butterflies
Potions
 d - 3 potions of might
 h - 3 potions of enlightenment
 k - 5 potions of mutation {!q}
 l - 2 potions of invisibility
 o - 3 potions of haste {@q3}
 p - 10 potions of curing {@q1}
 s - 3 potions of attraction {!q}
 B - 3 potions of resistance
 O - 5 potions of heal wounds {@q2}


   Skills:
 + Level 16.4 Fighting
 - Level 19.0 Axes
 - Level 18.0 Ranged Weapons
 - Level 8.0 Throwing
 + Level 10.5 Armour
 + Level 4.1 Dodging
 + Level 2.6 Stealth
 + Level 7.2 Evocations


You had 15 spell levels left.
You didn't know any spells.
Your spell library was empty.

Dungeon Overview and Level Annotations

Branches:
Dungeon (15/15)            Temple (0/1) D:4            Lair (5/5) D:11
  Swamp (0/4) Lair:3        Snake (1/4) Lair:3        Slime (0/5) Lair:5
    Orc (2/2) D:11            Elf (0/3) Orc:2        Vaults (0/5) D:13
 Depths (0/4) D:15         Bailey (visited)           IceCv (visited)

Altars:
Ashenzari
Cheibriados
Fedhas
Gozag
Nemelex Xobeh
Vehumet
Xom
Jiyva
Lugonu

Shops:
D:2 =   D:15 (   Orc:1 (   Orc:2 :=(!

Portals:
Abyss: Lair:5 Snake:1

Annotations:
Snake:1 1 transporter, Meok's ghost, adept MiFi


Innate Abilities, Weirdness & Mutations

You have a pair of horns on your head.
You reflexively headbutt those who attack you in melee.
You have hidden genetic potential.


Message History

You chop the naga warrior into pieces!!!
You kill the naga warrior!
Trog accepts your kill. The naga mage spits poison at you.
The splash of poison hits you but does no damage.
You resist. The salamander barely misses you.
You rampage towards the naga mage!
Found a stone staircase leading down.
You hit the naga mage. Your headbutt misses the naga mage.
You hit the salamander but do no damage.
The naga sharpshooter no longer looks unusually toxic.
You block the naga mage's attack. The naga mage grabs you.
The naga mage constricts you.
The naga sharpshooter gestures wildly while chanting.
The naga sharpshooter magically shoots a bolt.
The bolt hits you!
* * * LOW HITPOINT WARNING * * *
You closely miss the salamander. You headbutt the salamander!
You slice the naga mage!!
The salamander no longer looks unusually strong.
The naga mage hits you with a +0 spear!
* * * LOW HITPOINT WARNING * * *
The naga mage constricts you.
The salamander hits you with a +0 halberd.
* * * LOW HITPOINT WARNING * * *
You are engulfed in flames.
You resist.
* * * LOW HITPOINT WARNING * * *
The naga sharpshooter casts a spell.
The naga sharpshooter magically shoots a bolt.
The bolt hits you!
* * * LOW HITPOINT WARNING * * *
You slice the salamander!! You headbutt the salamander! You hit the naga mage.
You kill the naga mage!
Trog accepts your kill.
Trog appreciates your killing of a magic user.
The salamander hits you with a +0 halberd!
* * * LOW HITPOINT WARNING * * *
You are engulfed in flames.
You resist.
* * * LOW HITPOINT WARNING * * *
Unknown command.
A red film seems to cover your vision as you go berserk!
You feel yourself moving faster!
You feel mighty!
The naga sharpshooter spits poison at you.
The splash of poison hits you but does no damage.
You resist.
The salamander hits you but does no damage.
You completely miss the salamander.
The naga sharpshooter casts a spell.
The naga sharpshooter magically shoots a bolt.
The bolt hits you!!
You die...

[........##
##..........###
.#.......#
##..##.....#
.#.......#
##[.#....###
........##
####......###
.......##
##......)..#
.......#
##.##..[....##
...#####
#.####.......#
...# ###
#........#
#@)......#
#N)...##.##
..N...## .#
.........#
............#
...........##
........####
..>....##


You could see a naga sharpshooter (strong, catching breath) and a salamander.

Vanquished Creatures
  Agnes (D:14)
  Roxanne (D:14)
  Aizul (Snake:1)
  An orc warlord (Orc:1)
  Louise (D:14)
  Azrael (D:13)
  Josephine (D:13)
  The ghost of AwFulAwFulPlayer the Skirmisher, a journeyman NaHu of Cheibriados (Orc:1)
  2 vault guards (Bailey)
  9 hydras
  Erolcha (D:12)
  Fannar (D:10)
  A catoblepas (Lair:5)
  An anaconda (Snake:1)
  A centaur warrior (D:15)
  A naga warrior (Snake:1)
  A death knight (D:15)
  3 boulder beetles
  5 two-headed ogres
  3 tengu warriors
  7 death yaks
  3 thrashing horrors (Lair:5)
  A shock serpent (Snake:1)
  Amaemon (D:10)
  2 orc high priests
  11 skeletal warriors
  A skyshark (Lair:2)
  4 fire crabs
  A flayed ghost (D:15)
  A bog body (IceCv)
  A lindwurm (Orc:1)
  A sphinx zombie (D:15)
  2 mana vipers (Snake:1)
  A phantasmal warrior (D:15)
  3 necromancers
  3 orc knights (Orc:1)
  A deep elf pyromancer (D:10)
  6 orc sorcerers
  2 fire giant zombies (D:15)
  A frost giant zombie (D:15)
  22 ugly things
  5 cyclopes
  4 manticores
  A salamander (Lair:3)
  6 elephants
  A naga mage (Snake:1)
  A smoke demon (Lair:5)
  2 ice statues (IceCv)
  6 black mambas
  An orange demon (D:10)
  12 cane toads
  A gargoyle (D:13)
  Psyche (D:9)
  Maggie (D:10)
  7 ice devils (IceCv)
  3 unseen horrors
  An anaconda simulacrum (IceCv)
  2 kobold demonologists (D:11)
  4 komodo dragons
  4 rime drakes
  A freezing wraith (D:15)
  2 ancient zymes (Lair:5)
  3 tengu conjurers
  10 trolls
  6 meliai
  A troll (shapeshifter) (D:15)
  2 polar bears
  A hornet (shapeshifter) (D:13)
  3 tyrant leeches (Lair:3)
  The ghost of superbruh the Magician, an amateur DjFE of Jiyva (D:5)
  Prince Ribbit (Bailey)
  10 blink frogs (Lair:5)
  A dream sheep (shapeshifter) (D:13)
  9 dream sheep
  13 slime creatures
  2 ynoxinuls (Lair:5)
  A spriggan (Lair:5)
  A fire bat (shapeshifter) (Lair:5)
  6 wyverns
  2 dire elephant simulacra (IceCv)
  4 humans (Bailey)
  6 wraiths
  7 basilisks
  3 fire elementals
  A fire bat (Lair:1)
  57 yaks
  3 chaos spawn (Lair:5)
  A naga (Snake:1)
  7 wargs
  A large abomination (Lair:5)
  2 harpy simulacra (IceCv)
  5 hydra simulacra (IceCv)
  2 swamp worms (Lair:3)
  2 acid dragons (D:11)
  13 water moccasins
  2 hell hounds (D:13)
  30 orc warriors
  A sky beast (D:7)
  7 ice beasts (D:11)
  3 black bears
  14 ogres
  19 wolves
  5 centaurs
  6 kobold brigands
  3 scorpions
  18 bullfrogs
  A two-headed ogre simulacrum (IceCv)
  A cane toad simulacrum (Lair:2)
  5 wights (D:10)
  7 killer bees
  9 small abominations (Lair:5)
  5 howler monkeys
  3 lava snakes (Lair:3)
  3 hounds
  8 jellies
  26 orc priests
  An iron imp (D:12)
  6 gnoll boudas
  2 sleepcaps
  Natasha (thrice) (D:3)
  36 orc wizards
  An iguana (D:5)
  2 spriggan simulacra (IceCv)
  3 wolf simulacra
  A mummy (D:4)
  Robin (D:3)
  19 gnolls
  12 adders
  2 shadow imps
  2 white imps (D:7)
  2 ufetubi
  A worm (D:4)
  3 dart slugs
  80 orcs
  11 ball pythons
  9 endoplasms
  17 goblins
  13 hobgoblins
  8 quokkas
  7 bats
  4 frilled lizards
  A hobgoblin zombie (D:4)
  14 kobolds
  A kobold zombie (D:4)
  2 orc zombies (D:4)
  9 rats
814 creatures vanquished.

Vanquished Creatures (others)
  A guardian serpent (Snake:1)
  An orc wizard (Orc:2)
2 creatures vanquished.

Grand Total: 816 creatures vanquished

Notes
Turn   | Place    | Note
-------+----------+-------------------------------------------
     0 | D:1      | Pooter the Minotaur Berserker began the quest for the Orb.
     0 | D:1      | Reached XP level 1. HP: 19/19 MP: 0/0
   178 | D:1      | Reached skill level 4 in Axes
   184 | D:1      | Reached XP level 2. HP: 27/27 MP: 1/1
   480 | D:1      | Reached XP level 3. HP: 33/33 MP: 2/2
  1048 | D:2      | Reached ** piety under Trog
  1278 | D:2      | Found Taikho's Jewellery Shoppe.
  1297 | D:2      | Reached skill level 5 in Axes
  1572 | D:3      | Noticed Natasha
  1579 | D:3      | Noticed Robin
  1583 | D:3      | Killed Natasha
  1584 | D:3      | Reached skill level 1 in Ranged Weapons
  1584 | D:3      | Reached XP level 4. HP: 41/41 MP: 3/3
  1592 | D:3      | Killed Robin
  1815 | D:3      | Found a shimmering altar of Xom.
  1896 | D:3      | Found a shimmering altar of Xom.
  1897 | D:3      | Found a shimmering altar of Xom.
  1897 | D:3      | Found a shimmering altar of Xom.
  1974 | D:3      | Noticed Natasha
  1984 | D:3      | Killed Natasha
  1985 | D:3      | Reached XP level 5. HP: 47/47 MP: 4/4
  2076 | D:3      | Reached *** piety under Trog
  2077 | D:3      | Reached skill level 6 in Axes
  2144 | D:2      | Bought a ring of poison resistance for 220 gold pieces
  2290 | D:3      | Noticed Natasha
  2301 | D:3      | Killed Natasha
  2302 | D:3      | Reached skill level 5 in Fighting
  2571 | D:4      | Reached XP level 6. HP: 56/56 MP: 5/5
  2696 | D:4      | Reached skill level 7 in Axes
  2886 | D:4      | Found a staircase to the Ecumenical Temple.
  2966 | D:4      | Found a sparkling altar of Nemelex Xobeh.
  3176 | D:4      | Found a blossoming altar of Fedhas.
  3471 | D:5      | Entered Level 5 of the Dungeon
  3688 | D:5      | Noticed a water moccasin
  3694 | D:5      | Killed a water moccasin
  3695 | D:5      | Reached XP level 7. HP: 62/62 MP: 6/6
  3946 | D:5      | Reached skill level 8 in Axes
  4019 | D:5      | Found a runed translucent gate.
  4020 | D:5      | Found a runed translucent gate.
  4020 | D:5      | Found an opulent altar of Gozag.
  4021 | D:5      | Found a runed translucent gate.
  4023 | D:5      | Noticed a yak
  4023 | D:5      | Noticed superbruh's ghost (amateur DjFE)
  4030 | D:5      | Killed a yak
  4035 | D:5      | Killed superbruh's ghost
  4036 | D:5      | Reached skill level 9 in Axes
  4036 | D:5      | Reached XP level 8. HP: 71/71 MP: 7/7
  4837 | D:6      | Reached skill level 5 in Ranged Weapons
  4938 | D:6      | Reached **** piety under Trog
  4995 | D:6      | Reached skill level 10 in Axes
  5332 | D:6      | Reached XP level 9. HP: 81/81 MP: 8/8
  5479 | D:7      | Reached skill level 11 in Axes
  6120 | D:7      | Reached skill level 12 in Axes
  6334 | D:7      | Identified the staff "Cuinituh" {Dex+3 Conj}
  7584 | D:8      | Reached XP level 10. HP: 91/91 MP: 9/9
  7792 | D:8      | Found a broken altar of Ashenzari.
  8132 | D:2      | Bought an amulet of regeneration for 330 gold pieces
  8656 | D:9      | Found a flagged portal.
  8673 | Bailey   | Entered a bailey
  8688 | Bailey   | Reached skill level 13 in Axes
  9123 | Bailey   | Noticed a vault guard
  9135 | Bailey   | Killed a vault guard
  9136 | Bailey   | Reached skill level 10 in Fighting
  9201 | Bailey   | Noticed Prince Ribbit
  9201 | Bailey   | Noticed a vault guard
  9213 | Bailey   | Killed a vault guard
  9215 | Bailey   | Killed Prince Ribbit
  9216 | Bailey   | Reached skill level 14 in Axes
  9577 | D:9      | Noticed a two-headed ogre
  9586 | D:9      | Killed a two-headed ogre
  9587 | D:9      | Reached skill level 10 in Ranged Weapons
  9587 | D:9      | Reached XP level 11. HP: 75/101 MP: 10/10
  9800 | D:9      | Reached ***** piety under Trog
  9838 | D:9      | Noticed Psyche
  9848 | D:9      | Killed Psyche
  9993 | D:9      | You fall into a shaft and drop 2 floors!
 10005 | D:10     | Entered Level 10 of the Dungeon
 10005 | D:10     | Noticed Maggie
 10005 | D:10     | Noticed Fannar
 10019 | D:10     | Killed Maggie
 10024 | D:10     | Killed Fannar
 10025 | D:10     | Reached skill level 15 in Axes
 10201 | D:10     | Found a radiant altar of Vehumet.
 10213 | D:10     | Noticed Amaemon
 10223 | D:10     | Killed Amaemon
 10304 | D:10     | Noticed a deep elf pyromancer
 10305 | D:10     | Noticed a two-headed ogre
 10315 | D:10     | Killed a deep elf pyromancer
 10393 | D:10     | Killed a two-headed ogre
 10472 | D:10     | Noticed a two-headed ogre
 10478 | D:10     | Killed a two-headed ogre
 10700 | D:2      | Bought an amulet of reflection for 330 gold pieces
 11059 | D:11     | Noticed a boulder beetle
 11064 | D:11     | Reached XP level 12. HP: 83/111 MP: 11/11
 11073 | D:11     | Killed a boulder beetle
 11074 | D:11     | Reached skill level 16 in Axes
 11114 | D:11     | Found a staircase to the Lair.
 11131 | D:11     | Noticed a two-headed ogre
 11138 | D:11     | Killed a two-headed ogre
 11245 | D:11     | Found a staircase to the Orcish Mines.
 11800 | Orc:1    | Entered Level 1 of the Orcish Mines
 11921 | Orc:1    | Noticed an orc warlord
 11966 | Orc:1    | Killed an orc warlord
 11967 | Orc:1    | Reached skill level 17 in Axes
 12290 | Orc:1    | Found Peymu's Antique Weapon Boutique.
 12373 | Orc:1    | Noticed AwFulAwFulPlayer's ghost (journeyman NaHu)
 12395 | Orc:1    | Found a runed translucent door.
 12428 | Orc:1    | Killed AwFulAwFulPlayer's ghost
 12500 | Orc:2    | Entered Level 2 of the Orcish Mines
 12980 | Orc:2    | Reached XP level 13. HP: 119/119 MP: 12/12
 13327 | Orc:2    | Paralysed by an orc sorcerer for 2 turns
 13333 | Orc:2    | Paralysed by an orc sorcerer for 5 turns
 16374 | Orc:2    | Found a staircase to the Elven Halls.
 16498 | Orc:2    | Found Tonkavami's Jewellery Shop.
 16498 | Orc:2    | Found Waut's Book Shop.
 16499 | Orc:2    | Found Eriavuclimn's Antique Weapon Boutique.
 16503 | Orc:2    | Found Venkomp's Distillery.
 16511 | Orc:2    | Bought a potion of heal wounds for 75 gold pieces
 16511 | Orc:2    | Bought a potion of curing for 45 gold pieces
 16511 | Orc:2    | Bought a potion of curing for 45 gold pieces
 16511 | Orc:2    | Bought a potion of curing for 45 gold pieces
 16511 | Orc:2    | Bought 2 potions of invisibility for 240 gold pieces
 16511 | Orc:2    | Bought 2 potions of mutation for 240 gold pieces
 16511 | Orc:2    | Bought a potion of curing for 45 gold pieces
 16618 | Lair:1   | Entered Level 1 of the Lair of Beasts
 16642 | Lair:1   | Reached skill level 18 in Axes
 16870 | Lair:1   | Found a transporter.
 16886 | Lair:1   | Found a transporter.
 17031 | Lair:1   | Reached skill level 15 in Ranged Weapons
 17625 | Lair:1   | Upgraded the game from 0.31-a0-202-g547052bce9 to
                  | 0.31-a0-204-g7da18cac08
 17702 | Lair:2   | Found a frozen archway.
 17741 | IceCv    | Entered an ice cave
 19349 | Lair:2   | Reached skill level 19 in Axes
 19889 | Lair:3   | Reached XP level 14. HP: 123/132 MP: 13/13
 19945 | Lair:3   | Reached skill level 1 in Throwing
 19945 | Lair:3   | Reached skill level 1 in Evocations
 20018 | Lair:3   | Reached skill level 5 in Armour
 20018 | Lair:3   | Reached XP level 15. HP: 138/138 MP: 14/14
 20468 | Lair:3   | Found a staircase to the Swamp.
 20594 | Lair:3   | Found a staircase to the Snake Pit.
 20691 | Lair:4   | Identified the +3 whip of the Mordant God {freeze, rElec
                  | Int+3}
 21347 | Lair:5   | Entered Level 5 of the Lair of Beasts
 25795 | Lair:5   | Found a viscous altar of Jiyva.
 26291 | Lair:5   | Reached skill level 5 in Throwing
 28162 | Lair:5   | Reached skill level 15 in Fighting
 30180 | Lair:5   | Found a corrupted altar of Lugonu.
 30180 | Lair:5   | Found a one-way gate to the infinite horrors of the Abyss.
 30254 | Lair:5   | Identified the ring "Ceruecw" {*Corrode Will+ Str+4 Slay+4}
 30441 | Lair:5   | Found a staircase to the Slime Pits.
 30737 | D:12     | Noticed Erolcha
 30741 | D:12     | Killed Erolcha
 30742 | D:12     | Reached skill level 5 in Evocations
 31307 | D:12     | Found a snail-covered altar of Cheibriados.
 31532 | D:13     | Reached XP level 16. HP: 149/149 MP: 15/15
 31541 | D:13     | Noticed Josephine
 31556 | D:13     | Killed Josephine
 31912 | D:13     | Found a gate to the Vaults.
 32506 | D:13     | Noticed Azrael
 32521 | D:13     | Killed Azrael
 32679 | D:13     | Found a runed translucent door.
 33332 | D:13     | Identified the +0 ring mail of the Bull {Rampage rElec
                  | rPois rF-}
 33379 | D:14     | Noticed Agnes
 33388 | D:14     | Killed Agnes
 34259 | D:14     | Noticed Roxanne
 34269 | D:14     | Killed Roxanne
 34560 | D:14     | Identified the +2 robe of Conscience {rPois rCorr}
 34586 | D:14     | Identified the +1 leather armour of Xoumar {Int+5}
 34825 | D:14     | Noticed Louise
 34845 | D:14     | Killed Louise
 34863 | D:14     | Gained mutation: You have hidden genetic potential. [potion
                  | of mutation]
 34895 | D:15     | Entered Level 15 of the Dungeon
 36504 | D:15     | Found a staircase to the Depths.
 36839 | D:15     | Reached skill level 10 in Armour
 36932 | D:15     | Found Hewni's Weapon Boutique.
 37813 | Snake:1  | Entered Level 1 of the Snake Pit
 38224 | Snake:1  | Noticed Aizul
 38240 | Snake:1  | Killed Aizul
 38909 | Snake:1  | Found a transporter.
 38910 | Snake:1  | Noticed a tentacled starspawn
 38913 | Snake:1  | Noticed Meok's ghost (adept MiFi)
 39067 | Snake:1  | HP: 4/152 [salamander/+0 halberd (7)]
 39069 | Snake:1  | Shot with a bolt by a naga sharpshooter

Illustrated notes

Levels and vault maps discovered:
D:1:      lemuel_arrival_hallway, layout_basic, serial_bayou,
          serial_bayou_pond_c, serial_bayou_pond_b, serial_bayou_lagoon_a,
          serial_bayou_crossing, minmay_misc_feat_ornament
D:2:      layout_rooms, serial_shops, nicolae_shop_gaudy_bauble,
          minmay_misc_feat_rows
D:3:      layout_loops_ring, xom_redecorated, hangedman_abyss_or_decor_stabs,
          uniq_robin, uniq_natasha
D:4:      layout_loops_corners, fedhas_altar_fruit_tree, kennysheep_mini_moat,
          minmay_temple_entry_sparse_star, grunt_ministairs_6,
          minmay_mini_ossuary
D:5:      layout_basic, ebering_ghost_gozag
D:6:      layout_cave_pools
D:7:      kennysheep_seaside_town, layout_rooms
D:8:      layout_loops_ring, ashenzari_conservatory_becter
D:9:      layout_basic, enter_bailey_5, uniq_psyche
D:10:     layout_rooms, amcnicky_altar_gilded, eino_tiny_chamber, uniq_maggie,
          uniq_fannar, uniq_amaemon
D:11:     layout_gridville, hellmonk_lair_entry_icy, orc_0_dummy
D:12:     layout_grid_maze, minmay_misc_feat_cross, slow_altar_2, uniq_erolcha
D:13:     layout_gridville, david_vaults_1, lightli_church_of_beogh,
          uniq_josephine, uniq_azrael
D:14:     layout_roguey, uniq_agnes, uniq_louise, uniq_roxanne
D:15:     gammafunk_depths_entry_grave, layout_loops_corners, dk_noncrumbling_4,
          serial_shops, shop
Lair:1:   gammafunk_cloud_chamber, layout_regular_city, serial_bayou_pond_d
Lair:2:   layout_regular_city, portal_ice_cave_entry_ice_simulacra,
          serial_bayou_pond_c, infiniplex_staircase_pool_2, grunt_megastairs_5
Lair:3:   layout_hall_layers, minmay_swamp_entry_worms,
          nicolae_snake_entry_warm_welcome, grunt_megastairs_4
Lair:4:   layout_misc_corridors
Lair:5:   hellmonk_lair_end_abyssal_woods, layout_regular_city,
          nicolae_slime_entry_field_trip
Snake:1:  layout_cave_shapes, gammafunk_ghost_abyssal_escape,
          nicolae_snake_gridmaze_big_u, uniq_aizul
Orc:1:    layout_caves, basic_altar, serial_shops, nicolae_shop_crystal,
          nicolae_volcano_entry_vermiform, hellmonk_ghost_happy_afterlife
Orc:2:    st_orc_mages, layout_caves

Skill      XL: |  1  2  3  4  5  6  7  8  9 10 11 12 13 14 15 16 |
---------------+-------------------------------------------------+-----
Axes           | 4 5 6 7 9 10 12 14 15 17 19 | 19.0
Fighting       | 4 5 6 8 9 10 11 12 14 15 16 | 16.4
Ranged Weapons | 1 2 3 4 6 7 10 12 14 15 17 18 | 18.0
Armour         | 4 5 8 10 | 10.5
Throwing       | 2 5 8 |  8.0
Evocations     | 2 5 7 |  7.2
Dodging        | 3 4 |  4.1
Stealth        | 2 |  2.6

Action                     |  1- 3 |  4- 6 |  7- 9 | 10-12 | 13-15 | 16-18 || total
---------------------------+-------+-------+-------+-------+-------+-------++-------
  Melee: Hand axe          |    82 |       |       |    29 |       |       ||   111
         Headbutt          |     8 |    15 |    31 |   100 |    77 |    58 ||   289
         Trident           |    21 |   107 |       |       |    11 |     5 ||   144
         Punch             |       |     1 |     1 |     4 |       |       ||     6
         War axe           |       |    12 |   214 |    77 |       |       ||   303
         Broad axe         |       |       |       |   259 |       |   119 ||   378
         Battleaxe         |       |       |       |    69 |   321 |   108 ||   498
   Fire: Sling             |    19 |    35 |    29 |       |       |       ||    83
         Orcbow            |       |       |    66 |    39 |       |       ||   105
         Arbalest          |       |       |       |    83 |    95 |       ||   178
         Hand crossbow     |       |       |       |       |   357 |   191 ||   548
  Throw: Boomerang         |       |       |    23 |    13 |     2 |     1 ||    39
         Dart              |       |       |       |     6 |       |       ||     6
         Javelin           |       |       |       |       |       |     1 ||     1
 Invoke: Berserk           |     1 |     2 |     4 |    14 |     9 |    11 ||    41
         Trog's Hand       |       |     1 |     6 |    25 |    22 |    13 ||    67
  Evoke: Wand              |       |       |       |     7 |       |     1 ||     8
    Use: Scroll            |     3 |     2 |    10 |    11 |     8 |     3 ||    37
         Potion            |       |       |       |       |     3 |     3 ||     6
 Armour: Ring mail         |    30 |       |       |       |       |       ||    30
         Chain mail        |    20 |    61 |   121 |   172 |    14 |       ||   388
         Plate armour      |       |       |       |       |   192 |    95 ||   287
  Dodge: Dodged            |    61 |    60 |    93 |   244 |   184 |   118 ||   760
  Block: Other             |       |       |       |    11 |     6 |     7 ||    24
         Buckler           |       |       |       |       |       |    26 ||    26
         Reflection        |       |       |       |       |       |     5 ||     5

Table legend: (Time is in decaauts)
 A = Elapsed time spent in this place.
 B = Non-inter-level travel time spent in this place.
 C = Inter-level travel time spent in this place.
 D = Time resting spent in this place.
 E = Time spent auto-exploring this place.
 F = Levels seen in this place.
 G = Mean time per level.
                   A        B        C        D        E       F      G
               +--------+--------+--------+--------+--------+-----+--------+
         Total |  39609 |  38150 |   1459 |  19823 |  12739 |  25 | 1584.4 |
       Dungeon |  18676 |  17637 |   1039 |   5725 |   8814 |  15 | 1245.1 |
          Lair |  12886 |  12561 |    325 |   8508 |   2930 |   5 | 2577.2 |
     Snake Pit |   1258 |   1258 |      0 |   1061 |     96 |   1 | 1258.0 |
  Orcish Mines |   4729 |   4636 |     93 |   3068 |    748 |   2 | 2364.5 |
        Bailey |    632 |    632 |      0 |    423 |     26 |   1 |  632.0 |
      Ice Cave |   1427 |   1427 |      0 |   1036 |    125 |   1 | 1427.0 |
               +--------+--------+--------+--------+--------+-----+--------+

Top non-repeatable levels by time:
  Lair:5: 9318 daAuts
   Orc:2: 3399 daAuts
    D:15: 2804 daAuts
     D:7: 2156 daAuts
    D:13: 1788 daAuts
    D:14: 1554 daAuts
     D:5: 1494 daAuts
   IceCv: 1427 daAuts
   Orc:1: 1329 daAuts
 Snake:1: 1258 daAuts
     D:4: 1181 daAuts
  Lair:1: 1157 daAuts
     D:1: 1067 daAuts
    D:11: 1054 daAuts
    D:12: 948 daAuts
